 Dungeon Crawl Stone Soup version 0.31-a0-435-g2c6fae2916 (webtiles) character file.

Game seed: 1179797180333809268

1780 Maxmaps the Grappler (level 9, -3/85 HPs)
             Began as an Octopode Shapeshifter on Aug 2, 2023.
             Killed from afar by an orc wizard (8 damage)
             ... with a magic dart
             ... on level 7 of the Dungeon.
             The game lasted 00:05:20 (6171 turns).

Maxmaps the Grappler (Octopode Shapeshifter)        Turns: 6171, Time: 00:05:20

Health: -3/85      AC:  1    Str: 15    XL:     9   Next: 8%
Magic:  9/9        EV: 13    Int: 14    God:
Gold:   429        SH:  0    Dex: 12    Spells: 8/8 levels left

rFire   . .          .
                       - Unarmed
rCold   . . .        (no shield)
rNeg    . . .        (helmet currently unavailable)
rPois   .            (no amulet)
rElec   .            (no ring)
rCorr   .            (no ring)
SInv    .            (no ring)
Will    .....        (no ring) Stlth
                     (no ring)
HPRegen 0.34/turn    (no ring)
MPRegen 0.11/turn    (no ring)
                     (no ring)

%: no passive effects
@: confused, berserking (expiring), beast-form, very quick
A: beast (slay +3), almost no armour, amphibious, 8 rings, camouflage 1,
gelatinous body 1, (nimble swimmer 1), tentacles
a: Begin Untransformation


You were on level 7 of the Dungeon.
You were a hulking beast.
You visited 1 branch of the dungeon, and saw 7 of its levels.

You collected 429 gold pieces.

Inventory:

Jewellery
 i - a ring of flight
 k - a ring of ice
 w - a +6 ring of strength
 x - a ring of positive energy
Talismans
 b - a beast talisman (active)
Wands
 q - a wand of flame (28)
Scrolls
 c - 4 scrolls of fog
 m - 2 scrolls of enchant weapon
 u - a scroll of fear
 v - a scroll of teleportation
Potions
 a - a potion of mutation
 e - 2 potions of magic
 g - a potion of brilliance {unknown}
 l - a potion of haste {unknown}
 n - 2 potions of cancellation
 o - 3 potions of curing
 r - a potion of might {unknown}
 s - a potion of heal wounds {unknown}
 t - a potion of attraction {unknown}


   Skills:
 - Level 3.3 Fighting
 - Level 2.0 Dodging
 - Level 3.1 Stealth
 - Level 10.0 Unarmed Combat
 + Level 4.9 Shapeshifting


You had 8 spell levels left.
You didn't know any spells.
Your spell library contained the following spells:

 Spells                   Type           Power      Damage    Failure   Level
 Apportation              Tloc           0%         N/A       28%         1
 Freeze                   Ice            0%         1d3       28%         1
 Magic Dart               Conj           0%         1d3       28%         1
 Ensorcelled Hibernation  Hex/Ice        0%         N/A       41%         2
 Searing Ray              Conj           0%         2d4       41%         2
 Sublimation of Blood     Necr           0%         N/A       41%         2
 Wereblood                Tmut           0%         N/A       41%         2
 Frozen Ramparts          Ice            0%         1d1       65%         3
 Hailstorm                Conj/Ice       0%         3d3       65%         3
 Anguish                  Hex/Necr       0%         N/A       96%         4
 Fulminant Prism          Conj/Hex       0%         3d5       96%         4
 Alistair's Intoxication  Tmut/Pois      0%         N/A       100%        5
 Summon Hydra             Summ           0%         N/A       100%        7


Dungeon Overview and Level Annotations

Branches:
Dungeon (7/15)             Temple (0/1) D:7

Altars:
Cheibriados
Fedhas
Kikubaaqudgha
Nemelex Xobeh
Ru
Vehumet
Zin


Innate Abilities, Weirdness & Mutations

You are a hulking beast.
Your limbs bulge with bestial killing power. (Slay +3)
You cannot wear most types of armour.
You are amphibious.
You can wear up to eight rings at the same time.
Your skin changes colour to match your surroundings (Stealth+).
Your rubbery body absorbs attacks. (AC +1, EV +1)
((You are camouflaged when in or above water. (Stealth+)))
You have tentacles for arms and can constrict up to eight enemies at once.


Message History

You see here 15 gold pieces.
You enter the shallow water.
A bullfrog comes into view.
The bullfrog gives a loud, deep croak!
You tentacle-slap something but do no damage.
Something hits you.
* * * LOW HITPOINT WARNING * * *
You bludgeon something!
Your tentacle-slap misses something.
You closely miss something.
Your tentacle-slap misses something.
Your squeeze misses something. Something hits you.
* * * LOW HITPOINT WARNING * * *
You feel better. The bullfrog completely misses you. Something hits you.
The bullfrog barely misses you.
You tentacle-slap something but do no damage.
Something hits you. The bullfrog hits you!
* * * LOW HITPOINT WARNING * * *
A red film seems to cover your vision as you go berserk!
You feel yourself moving faster!
You feel mighty! The bullfrog misses you. Something hits you.
* * * LOW HITPOINT WARNING * * *
You bludgeon the bullfrog! You grab the bullfrog.
Your squeeze misses the bullfrog.
The bullfrog is moderately wounded.
You constrict the bullfrog. The bullfrog misses you.
You hear some strange, mumbled words.
You are confused.
You release your grip on the bullfrog.
The bullfrog barely misses you.
You bludgeon the bullfrog!
The bullfrog is almost dead.
The bullfrog hits you.
* * * LOW HITPOINT WARNING * * *
The bullfrog hits you.
* * * LOW HITPOINT WARNING * * *
There is a staircase to the Ecumenical Temple here.
You feel a strong urge to attack something.
The bullfrog hits you.
* * * LOW HITPOINT WARNING * * *
A magic dart appears from out of thin air!
The magic dart hits you!
You die...

## #'#....#
...####'#.)..+
..$..........##
#...........)<#
#........######.◎
#.....~§~$.......
+....~§§{~..####.
#...~§§~§§~##
#...§§~hF§§#
#...~~~~§~~....
.....~~§§~......
#.....§§~..)....
#.######..#.....
# ##.#.....
.#...## .# ##


You could see a bullfrog.

Vanquished Creatures
  Prince Ribbit (D:5)
  A steam dragon (D:6)
  Menkaure (D:6)
  An orc warrior (D:7)
  A centaur (D:6)
  2 bullfrogs (D:6)
  2 scorpions
  4 wights (D:6)
  2 howler monkeys
  4 hounds
  An orc priest (D:4)
  2 iguanas
  2 sleepcaps
  Jessica (D:2)
  A gnoll bouda (D:6)
  An orc wizard (D:4)
  13 gnolls
  7 adders
  A white imp (D:5)
  2 worms
  4 dart slugs
  7 orcs
  3 ball pythons
  6 bats
  7 endoplasms
  7 giant cockroaches
  17 goblins
  3 hobgoblins
  5 quokkas
  2 frilled lizards
  7 kobolds
  5 rats
123 creatures vanquished.

Notes
Turn   | Place    | Note
-------+----------+-------------------------------------------
     0 | D:1      | Maxmaps the Octopode Shapeshifter began the quest for the
                  | Orb.
     0 | D:1      | Reached XP level 1. HP: 13/13 MP: 1/1
   135 | D:1      | Reached skill level 1 in Stealth
   135 | D:1      | Reached XP level 2. HP: 12/19 MP: 2/2
   450 | D:1      | Reached XP level 3. HP: 24/24 MP: 3/3
  1457 | D:2      | Noticed Jessica
  1466 | D:2      | Killed Jessica
  1467 | D:2      | Reached XP level 4. HP: 25/31 MP: 4/4
  1781 | D:3      | Found a blossoming altar of Fedhas.
  1824 | D:3      | Found a radiant altar of Vehumet.
  2180 | D:3      | Found a sparkling altar of Nemelex Xobeh.
  2312 | D:3      | Found a glowing silver altar of Zin.
  2455 | D:4      | Reached XP level 5. HP: 36/36 MP: 5/5
  2473 | D:4      | Reached skill level 4 in Unarmed Combat
  2484 | D:4      | HP: 1/36 [sleepcap (21)]
  2753 | D:4      | Reached skill level 5 in Unarmed Combat
  2753 | D:4      | Reached XP level 6. HP: 42/42 MP: 6/6
  3561 | D:4      | Reached skill level 6 in Unarmed Combat
  3709 | D:4      | Identified the +1 leather armour of Parts Unknown {rPois
                  | Will- Regen+}
  3747 | D:4      | Reached XP level 7. HP: 39/46 MP: 7/7
  4000 | D:5      | Entered Level 5 of the Dungeon
  4166 | D:5      | Noticed Prince Ribbit
  4196 | D:5      | Killed Prince Ribbit
  4197 | D:5      | Reached skill level 7 in Unarmed Combat
  4229 | D:5      | Reached skill level 8 in Unarmed Combat
  4536 | D:5      | Found a snail-covered altar of Cheibriados.
  4636 | D:5      | Reached XP level 8. HP: 47/52 MP: 8/8
  4967 | D:6      | Noticed Menkaure
  4973 | D:6      | Killed Menkaure
  4999 | D:6      | Reached skill level 9 in Unarmed Combat
  5159 | D:6      | Reached skill level 10 in Unarmed Combat
  5559 | D:6      | Found an ancient bone altar of Kikubaaqudgha.
  5599 | D:6      | Reached XP level 9. HP: 49/57 MP: 9/9
  6058 | D:6      | Found a sacrificial altar of Ru.
  6144 | D:7      | Found a staircase to the Ecumenical Temple.
  6171 | D:7      | Killed from afar by an orc wizard

Illustrated notes

Levels and vault maps discovered:
D:1:      dpeg_arrival_castle, layout_basic
D:2:      layout_basic, minmay_tromino_v7, uniq_jessica
D:3:      layout_loops_ring, mainiacjoe_overflow_boulevard,
          vehumet_altar_wand_db, marbit_many_paths, zin_treasury
D:4:      kennysheep_the_goblin_king, layout_loops_cross,
          minmay_gold_behind_fungi, kennysheep_generic_room_11
D:5:      layout_basic, kennysheep_slug_shrine, uniq_prince_ribbit1
D:6:      layout_loops_corners, mainiacjoe_overflow_cross_hatched,
          nicolae_ru_path_of_blood, dk_rats_in_the_wall, uniq_menkaure
D:7:      layout_basic, lemuel_doored_altar, amcnicky_altar_gilded,
          minmay_temple_entry_mist, the_hattery

Skill      XL: |  1  2  3  4  5  6  7  8 |
---------------+-------------------------+-----
Stealth        | 1 3 |  3.1
Fighting       | 3 |  3.3
Unarmed Combat | 5 6 8 10 | 10.0
Shapeshifting  | 4 |  4.9
Dodging        | |  2.0

Action                     |  1- 3 |  4- 6 |  7- 9 || total
---------------------------+-------+-------+-------++-------
  Melee: Unarmed           |    59 |   109 |   107 ||   275
         Constrict         |    15 |    29 |    21 ||    65
         Tentacles         |     9 |    20 |    17 ||    46
         Punch             |     1 |     5 |     6 ||    12
    Use: Scroll            |       |     9 |     7 ||    16
         Potion            |       |     3 |     5 ||     8
   Stab: Sleeping          |    16 |    11 |     6 ||    33
 Armour: Skin              |     2 |     5 |    16 ||    23
  Dodge: Dodged            |    21 |    60 |    41 ||   122

Table legend: (Time is in decaauts)
 A = Elapsed time spent in this place.
 B = Non-inter-level travel time spent in this place.
 C = Inter-level travel time spent in this place.
 D = Time resting spent in this place.
 E = Time spent auto-exploring this place.
 F = Levels seen in this place.
 G = Mean time per level.
                   A        B        C        D        E       F      G
               +--------+--------+--------+--------+--------+-----+--------+
         Total |   6154 |   5888 |    266 |    691 |   4435 |   7 |  879.1 |
       Dungeon |   6154 |   5888 |    266 |    691 |   4435 |   7 |  879.1 |
               +--------+--------+--------+--------+--------+-----+--------+

Top non-repeatable levels by time:
     D:4: 1399 daAuts
     D:6: 1272 daAuts
     D:2: 920 daAuts
     D:5: 857 daAuts
     D:1: 843 daAuts
     D:3: 832 daAuts
     D:7: 28 daAuts
